 Dungeon Crawl Stone Soup version 0.16.1-18-g436b03c (webtiles) character file.

99 Leviathan2552 the Ruffian (level 4, -3/40 HPs)
             Began as a Minotaur Monk on May 2, 2015.
             Slain by an orc priest
             ... wielding a +0 war axe
              (10 damage)
             ... on level 4 of the Dungeon.
             The game lasted 00:05:54 (1749 turns).

Leviathan2552 the Ruffian (Minotaur Monk)           Turns: 1749, Time: 00:05:54

Health: -3/40      AC:  5    Str: 16    XL:     4   Next: 45%
Magic:  2/2        EV: 12    Int:  7    God:
Gold:   121        SH:  0    Dex: 13    Spells: 0 memorised, 3 levels left

rFire  . . .     SeeInvis .       - Unarmed
rCold  + . .     Clarity  .     g - +0 ring mail
rNeg   . . .     SustAb   .     (no shield)
rPois  .         Gourm    .     (helmet restricted)
rElec  .         Spirit   .     (no cloak)
rCorr  .         Warding  .     (no gloves)
rMut   .         Stasis   .     (no boots)
MR     .....                    (no amulet)
Stlth  +.........               (no ring)
                                e - ring of protection from cold

@: not resistant to hostile enchantments, very unstealthy
A: retaliatory headbutt, horns 2
a: no special abilities


You were on level 4 of the Dungeon.
You were hungry.

You visited 1 branch of the dungeon, and saw 3 of its levels.

You collected 121 gold pieces.

Inventory:

Armour
 a - a +0 robe
 g - a +0 ring mail (worn)
Jewellery
 e - a ring of protection from cold (left hand)
Scrolls
 i - 4 scrolls of fear {unknown}
 j - 5 scrolls of remove curse {unknown}
 k - a scroll of blinking {unknown}
 m - 2 scrolls of identify {unknown}
Potions
 c - a potion of invisibility {unknown}
 h - 3 potions of might {unknown}
 l - a potion of curing {unknown}
 n - a potion of haste {unknown}
 o - a potion of mutation {unknown}
 q - a potion of resistance {unknown}
Comestibles
 b - 3 bread rations
 f - a slice of pizza
 p - a meat ration


   Skills:
 + Level 4.1 Fighting
 + Level 0.2 Armour
 + Level 4.2 Dodging
 + Level 1.7 Stealth
 * Level 5.5 Unarmed Combat


You had 3 spell levels left.
You didn't know any spells.

Dungeon Overview and Level Annotations

Branches:
Dungeon (4/15)
 Temple: D:4-7

Altars:
Ashenzari
Fedhas
Qazlal
Ru


Innate Abilities, Weirdness & Mutations

You reflexively headbutt those who attack you in melee.
You have a pair of horns on your head.


Message History

You closely miss the orc priest.
You punch the orc priest, but do no damage.
The orc priest misses you. You furiously retaliate!
You headbutt the orc priest. The orc hits you with a hand axe.
You barely miss the orc priest.
The orc priest is moderately wounded.
The orc priest hits you with a war axe.
You barely miss the orc priest. Your headbutt misses the orc priest.
The orc priest is moderately wounded.
The orc hits you but does no damage.
You hit the orc priest.
The orc priest is heavily wounded.
The orc misses you.
The orc priest calls down the wrath of Beogh upon you.
Pain shoots through your body!
* * * LOW HITPOINT WARNING * * *
You hit the orc priest.
The orc priest is severely wounded.
The orc priest hits you with a war axe!
You die...

#####
##.$..#####
##......o..##
#......@)..[##
#.......o..).##
#.............#
#.............##
##.............#
#....?........##
..............##
..............#
...........#


You could see an orc priest and an orc.

Vanquished Creatures
  An orc priest (D:4)
  2 adders (D:2)
  A giant mite (D:1)
  A worm (D:2)
  2 orcs (D:4)
  2 ball pythons
  A giant cockroach (D:2)
  5 goblins
  5 hobgoblins
  2 jackals (D:1)
  7 bats
  2 giant newts
  2 kobolds
  9 rats
42 creatures vanquished.

Notes
Turn   | Place    | Note
--------------------------------------------------------------
     0 | D:1      | Leviathan2552, the Minotaur Monk, began the quest for the Orb.
     0 | D:1      | Reached XP level 1. HP: 19/19 MP: 1/1
    82 | D:1      | Reached XP level 2. HP: 9/27 MP: 1/1
   392 | D:1      | Reached skill level 5 in Unarmed Combat
   983 | D:2      | Reached XP level 3. HP: 30/33 MP: 2/2
  1465 | D:2      | Found a stormy altar of Qazlal.
  1465 | D:2      | Found a shattered altar of Ashenzari.
  1515 | D:2      | Found a sacrificial altar of Ru.
  1516 | D:2      | Found a blossoming altar of Fedhas.
  1719 | D:2      | You fall through a shaft!
  1733 | D:4      | Reached XP level 4. HP: 27/40 MP: 2/2
  1749 | D:4      | Slain by an orc priest

Action                   |  1- 3 |  4- 6 || total
-------------------------+-------+-------++-------
Melee: Unarmed           |    83 |    15 ||    98
 Stab: Sleeping          |     1 |       ||     1
  Eat: Chunk             |     2 |       ||     2
